 Dungeon Crawl Stone Soup version 0.31-a0-996-g3b49de5836 (webtiles) character file.

Game seed: 16810039746948958572

32 terchi the Slasher (level 3, 21/29 HPs)
             Began as a Human Berserker on Nov 7, 2023.
             Quit the game on level 1 of the Dungeon.
             The game lasted 00:15:54 (1346 turns).

terchi the Slasher (Human Berserker)                Turns: 1346, Time: 00:15:54

Health: 21/29      AC:  8    Str: 19    XL:     3   Next: 42%
Magic:  3/3        EV:  8    Int:  7    God:
Gold:   32         SH:  0    Dex: 12    Spells: 2/2 levels left

rFire   . . .        a - +0 falchion
rCold   . . .        (no shield)
rNeg    . . .        g - +0 chain mail
rPois   .            (no helmet)
rElec   .            (no cloak)
rCorr   .            (no gloves)
SInv    .            (no boots)
Will    .....        (no amulet) Stlth
                     (no ring)
HPRegen 0.24/turn    (no ring)
MPRegen 0.08/turn

%: no passive effects
@: no status effects
A: no striking features
a: no special abilities


You were on level 1 of the Dungeon.
You visited 1 branch of the dungeon, and saw 2 of its levels.

You collected 32 gold pieces.

Inventory:

Hand Weapons
 a - a +0 falchion (weapon)
 d - a +0 club
 k - a +0 short sword
 m - a +0 mace
 n - a +0 short sword
 o - a +0 club
Missiles
 l - 4 stones
Armour
 b - a +0 animal skin
 c - a +0 robe
 e - a +0 leather armour
 f - a +0 chain mail
 g - a +0 chain mail (worn)
 j - a scarf of shadows
Jewellery
 h - a +6 ring of intelligence
Potions
 i - a potion of brilliance {unknown}


   Skills:
 + Level 3.4 Fighting
 + Level 3.5 Long Blades
 + Level 2.2 Armour
 + Level 2.1 Dodging
 + Level 0.2 Stealth


You had 2 spell levels left.
You didn't know any spells.
Your spell library contained the following spells:

 Spells                   Type           Power      Damage    Failure   Level
 Ozocubu's Armour         Ice            0%         N/A       100%        3
 Ozocubu's Refrigeration  Ice            0%         4d7       100%        7


Dungeon Overview and Level Annotations

Branches:
Dungeon (2/15)

Altars:


Message History

The endoplasm hits you but does no damage.
You hit the endoplasm.
The endoplasm is almost dead.
The endoplasm freezes you.
You are frozen.
You hit the endoplasm.
You kill the endoplasm!
Unknown command.
Unknown command.
Unknown command.
Unknown command.
Unknown command.
Unknown command.
Unknown command.
Unknown command.
Unknown command.
Unknown command.
Unknown command.
Unknown command.
Unknown command.
Unknown command.
Unknown command.
Unknown command.
Unknown command.
Unknown command.
Unknown command.
Unknown command.
Unknown command.
Unknown command.
Unknown command.
Unknown command.
Unknown command.
Unknown command.
Unknown command.
Unknown command.
Unknown command.
Unknown command.
Unknown command.
Unknown command.
Are you sure you want to abandon this character and quit the game? (Confirm with "yes".)

.#..†.##...####...#
.#.†##(##..#####.####
.##..##$#..##.......##
.##...###..#.........#
..........##..##.##..#
#.#..#######.. #.# ..#
#...## #. #.# .#
###'## #..##.##..#
##...## #...)@....#
#.....## #####.#####
.......## #.#
........# #.#
........+ ..#
........# ..#
.......## ### #.....##
##...##


There were no monsters in sight!

Vanquished Creatures
  2 dart slugs (D:1)
  3 endoplasms (D:1)
  3 goblins (D:1)
  3 hobgoblins
  2 jackals (D:1)
  A kobold (D:1)
  2 quokkas (D:1)
  3 ball pythons (D:1)
  3 bats (D:1)
  A frilled lizard (D:1)
  3 rats (D:1)
26 creatures vanquished.

Notes
Turn   | Place    | Note
-------+----------+-------------------------------------------
     0 | D:1      | terchi the Human Berserker began the quest for the Orb.
     0 | D:1      | Reached XP level 1. HP: 18/18 MP: 1/1
    26 | D:1      | Noticed a merfolk zombie
   303 | D:1      | Reached XP level 2. HP: 22/24 MP: 2/2
   911 | D:1      | Reached XP level 3. HP: 29/29 MP: 3/3
   978 | D:1      | Fell from the grace of Trog
  1346 | D:1      | Quit the game

Illustrated notes

Levels and vault maps discovered:
D:1:      shiori_arrival_whats_in_store_for_you, layout_loops_corners,
          minmay_cupped
D:2:      layout_loops_ring, uniq_jessica, uniq_terence

Action                     || total
---------------------------++-------
  Melee: Falchion          ||    79
         Punch             ||     2
 Invoke: Berserk           ||     3
         Renounce Religion ||     1
    Use: Scroll            ||     2
   Stab: Sleeping          ||     1
 Armour: Robe              ||    16
         Leather armour    ||    20
         Chain mail        ||    27
  Dodge: Dodged            ||    57

Table legend: (Time is in decaauts)
 A = Elapsed time spent in this place.
 B = Non-inter-level travel time spent in this place.
 C = Inter-level travel time spent in this place.
 D = Time resting spent in this place.
 E = Time spent auto-exploring this place.
 F = Levels seen in this place.
 G = Mean time per level.
                   A        B        C        D        E       F      G
               +--------+--------+--------+--------+--------+-----+--------+
         Total |   1392 |   1133 |    259 |      0 |      0 |   2 |  696.0 |
       Dungeon |   1392 |   1133 |    259 |      0 |      0 |   2 |  696.0 |
               +--------+--------+--------+--------+--------+-----+--------+

Top non-repeatable levels by time:
     D:1: 1335 daAuts
     D:2: 57 daAuts
